Map: Zen LE

Players

SKS - Winner!

  • Race: Protoss Protoss
  • League: Gold
  • Spawn Location: 1:00

Ratl

  • Race: Protoss Protoss
  • Spawn Location: 7:00

VOD

Have the link to the VOD?

Description

Time

  • Played on: Dec. 19, 2019, 8:46 p.m.
  • Length: 7:58
Show
View Real Time Build Order
Export as new Build Order

SKS Protoss - Winner!

Build Orders:  

Get SALT Encoding   

  12  0:02  Probe (Chrono Boost)  
  13  0:12  Probe (Chrono Boost)  
  14  0:17  Probe (Chrono Boost)  
  15  0:24  Pylon  
  15  0:30  Assimilator  
  15  0:54  Gateway x2  
  15  1:02  Pylon  
  15  1:13  Probe (Chrono Boost)  
  16  1:20  Assimilator  
  16  1:23  Probe (Chrono Boost)  
  17  1:27  Probe (Chrono Boost)  
  18  1:41  Zealot x2  
  18  1:43  Probe  
  23  1:55  Probe  
  23  1:57  Cybernetics Core  
  24  2:07  Probe (Chrono Boost)  
  25  2:17  Probe (Chrono Boost)  
  25  2:18  Pylon  
  25  2:22  Probe (Chrono Boost)  
  27  2:34  Probe  
  28  2:45  Stargate  
  28  3:00  Zealot x2  
  32  3:17  Protoss Air Weapons Level 1 (Chrono Boost)  
  32  3:29  Void Ray  
  36  3:41  Zealot  
  38  3:50  Pylon x2  
  38  4:06  Stargate  
  38  4:08  Zealot  
  40  4:27  Void Ray  
  40  4:30  Zealot  
  46  4:35  Zealot  
  48  4:44  Pylon  
  48  4:45  Pylon  
  48  4:54  Void Ray  
  48  4:57  Zealot  
  54  5:06  Protoss Air Armor Level 1 (Chrono Boost)  
  54  5:18  Twilight Council  
  54  5:20  Zealot  
  56  5:24  Zealot  
  58  5:47  Zealot  
  60  5:51  Zealot  
  60  5:52  Charge (Chrono Boost)  
  62  6:00  Void Ray  
  66  6:14  Zealot  
  68  6:18  Zealot  
  70  6:56  Nexus  
  70  7:05  Probe  
  71  7:27  Probe  
  70  7:30  Zealot  
  70  7:39  Probe  
Show
View Real Time Build Order
Export as new Build Order

Ratl Protoss 

Build Orders:  

Get SALT Encoding   

  12  0:02  Probe  
  13  0:14  Probe  
  14  0:21  Pylon  
  14  0:26  Probe  
  15  0:41  Gateway  
  15  0:43  Probe  
  16  0:55  Probe  
  17  0:57  Gateway  
  17  1:05  Assimilator  
  17  1:07  Probe  
  17  1:11  Assimilator  
  18  1:19  Probe  
  19  1:28  Cybernetics Core  
  19  1:55  Probe  
  20  2:07  Probe  
  21  2:11  Pylon, Nexus  
  21  2:29  Probe  
  22  2:30  Stalker  
  22  2:31  Warp Gate, Stalker  
  26  2:41  Probe  
  26  2:54  Pylon  
  26  2:55  Probe  
  27  3:04  Robotics Facility  
  27  3:14  Probe  
  28  3:26  Probe (Chrono Boost)  
  30  3:28  Probe (Chrono Boost)  
  30  3:35  Probe (Chrono Boost)  
  30  3:38  Stalker x2  
  35  3:52  Twilight Council  
  35  4:00  Probe (Chrono Boost)  
  37  4:05  Probe (Chrono Boost)  
  38  4:10  Probe (Chrono Boost)  
  38  4:13  Probe (Chrono Boost)  
  39  4:24  Probe  
  36  4:30  Stalker x2  
  40  4:36  Probe, Pylon  
  41  4:39  Pylon  
  41  4:42  Pylon  
  41  4:55  Pylon  
  41  4:57  Gateway, Shield Battery  
  41  5:05  Observer  
  41  5:06  Forge  
  42  5:08  Stalker  
  42  5:09  Forge, Stalker  
  46  5:19  Shield Battery  
  46  5:20  Shield Battery  
  46  5:22  Shield Battery  
  46  5:28  Shield Battery  
  46  5:30  Assimilator  
  46  5:31  Probe, Assimilator  
  46  5:33  Probe  
  48  5:43  Probe  
  48  5:45  Probe  
  48  5:46  Gateway x2  
  48  5:48  Gateway  
  50  5:52  Pylon  
  50  5:55  Probe  
  51  6:00  Stalker x2  
  55  6:05  Stalker  
  55  6:07  Probe  
  58  6:22  Nexus  
  58  6:27  Pylon  
  58  6:30  Pylon  
  58  6:38  Probe  
  59  6:50  Probe  
  60  6:55  Immortal  
  64  7:03  Probe  
  65  7:14  Stalker x3  
  71  7:20  Stalker  
  71  7:21  Stalker x2  
  53  7:40  Stalker  
  53  7:43  Stalker x2  
  53  7:44  Stalker  
Tags
 
League
Gold
Matchup
PvP
Spawn Locations
Cross Positions
Add a new tag
Caveats
  • Supply blocks, unpowered buildings, or Contaminate may cause inaccurate times.
  • Supply counts are checked every 10 seconds.